 Dungeon Crawl Stone Soup version 0.16.0-17-g811c1d7 (webtiles) character file.

847 MDvedh the Cleaver (level 7, -6/85 HPs)
             Began as a Minotaur Berserker on Mar 21, 2015.
             Was a High Priest of Trog.
             Mangled by a gnoll
             ... wielding a cursed -1 halberd
              (7 damage)
             ... on level 5 of the Dungeon.
             The game lasted 00:07:26 (3227 turns).

MDvedh the Cleaver (Minotaur Berserker)             Turns: 3227, Time: 00:07:26

Health: -6/85      AC:  7    Str: 27    XL:     7   Next: 68%
Magic:  3/3        EV:  8    Int:  4    God:    Trog [*****.]
Gold:   191        SH:  0    Dex: 11    Spells: 0 memorised, 6 levels left

rFire  . . .     SeeInvis .     a - +0 hand axe
rCold  . . .     Clarity  .     m - +0 scale mail
rNeg   . . .     SustAb   .     (no shield)
rPois  .         Gourm    .     (helmet restricted)
rElec  .         Spirit   .     (no cloak)
rCorr  .         Warding  .     d - +0 pair of gloves
rMut   .         Stasis   .     (no boots)
MR     +++..                    (no amulet)
Stlth  ..........               l - ring of protection from magic
                                h - -3 ring of evasion (curse)

@: berserking (expiring), marked, regenerating, very quick, extremely resistant
to hostile enchantments, extremely unstealthy
A: retaliatory headbutt, horns 2
a: Burn Spellbooks, Berserk, Trog's Hand, Brothers in Arms, Renounce Religion


You were on level 5 of the Dungeon.
You worshipped Trog.
Trog was extremely pleased with you.
You were not hungry.

You visited 1 branch of the dungeon, and saw 5 of its levels.

You collected 191 gold pieces.

Inventory:

Hand weapons
 a - a +0 hand axe (weapon)
Armour
 b - a +0 animal skin
 d - a +0 pair of gloves (worn)
 m - a +0 scale mail (worn)
Jewellery
 h - a cursed -3 ring of evasion (left hand)
 l - a ring of protection from magic (right hand)
 s - an uncursed ring of invisibility
Scrolls
 g - 2 scrolls of teleportation
 j - a scroll of recharging
 r - a scroll of remove curse
Potions
 e - 2 potions of restore abilities {unknown}
 i - a potion of ambrosia {unknown}
 k - 2 potions of brilliance
 n - a potion of degeneration {unknown}
 p - a potion of resistance {unknown}
 q - 2 potions of mutation {unknown}
 t - a potion of flight {unknown}
 v - a potion of heal wounds {unknown}
Comestibles
 c - 5 bread rations
 f - 3 meat rations


   Skills:
 - Level 3.6 Fighting
 + Level 10.9 Axes
 - Level 2.4 Armour
 - Level 2.1 Dodging


You had 6 spell levels left.
You didn't know any spells.

Dungeon Overview and Level Annotations

Branches:
Dungeon (5/15)
 Temple: D:4-7

Altars:
Elyvilon
Nemelex Xobeh
The Shining One

Shops:
D:4 :


Innate Abilities, Weirdness & Mutations

You reflexively headbutt those who attack you in melee.
You have a pair of horns on your head.


Message History

You hit the gnoll.
You kill the gnoll!
Trog accepts your kill.
You hit the gnoll.
The gnoll is lightly wounded.
You hit the gnoll shaman!
The gnoll shaman is moderately wounded.
Unknown command.
Unknown command.
Unknown command.
You barely miss the gnoll sergeant.
The gnoll sergeant is almost dead.
You hit the gnoll shaman but do no damage.
The gnoll shaman is moderately wounded.
You barely miss the gnoll.
The gnoll is lightly wounded.
The gnoll hits you from afar with a spear.
* * * LOW HITPOINT WARNING * * *
The gnoll hits you with a halberd!
You die...

#### . ... ########..
.#......g. ......ggg#
≈.g../ggg)# #..ggg@)#
#################)#
...).'...))......)#
...).#....#.......#
.....#....#.......#
######''''#############
......................#
≈≈≈≈≈≈....≈≈≈≈≈≈≈≈≈≈≈≈#####
≈≈≈≈≈≈....≈≈≈≈≈≈≈≈≈≈≈≈≈≈≈≈≈


You could see a gnoll sergeant, a gnoll shaman and 9 gnolls.

Vanquished Creatures
  An ogre (D:4)
  A giant frog (D:4)
  A crimson imp (D:5)
  A gnoll shaman (D:5)
  A hound (D:4)
  3 orc priests
  2 giant frog skeletons
  2 orc wizards (D:4)
  A worker ant (D:4)
  19 gnolls
  5 adders
  4 worms
  2 oozes
  11 orcs
  9 bats
  4 giant cockroaches
  7 hobgoblins
  14 jackals
  8 kobolds
  4 quokkas
  3 ball pythons
  4 giant newts
  12 goblins
  A jackal skeleton (D:4)
  9 rats
129 creatures vanquished.

Notes
Turn   | Place    | Note
--------------------------------------------------------------
     0 | D:1      | MDvedh, the Minotaur Berserker, began the quest for the Orb.
     0 | D:1      | Reached XP level 1. HP: 19/19 MP: 1/1
    66 | D:1      | You fall through a shaft!
    70 | D:2      | Reached skill level 4 in Axes
    92 | D:2      | Reached XP level 2. HP: 26/26 MP: 1/1
   146 | D:2      | Acquired Trog's second power
   169 | D:2      | Reached skill level 5 in Axes
   191 | D:1      | Reached XP level 3. HP: 17/31 MP: 2/2
   416 | D:1      | Found a glowing golden altar of the Shining One.
   751 | D:1      | Reached XP level 4. HP: 39/39 MP: 2/2
   910 | D:1      | Reached skill level 6 in Axes
  1210 | D:2      | Found a sparkling altar of Nemelex Xobeh.
  1442 | D:3      | Reached skill level 7 in Axes
  1442 | D:3      | Reached XP level 5. HP: 26/45 MP: 2/2
  1586 | D:3      | Acquired Trog's third power
  1698 | D:3      | Found a white marble altar of Elyvilon.
  2163 | D:4      | Reached skill level 8 in Axes
  2170 | D:4      | Reached XP level 6. HP: 22/51 MP: 3/3
  2300 | D:4      | Reached skill level 9 in Axes
  2373 | D:4      | Found Idohoyw's Book Shoppe.
  2525 | D:4      | Noticed an ogre
  2532 | D:4      | Killed an ogre
  2532 | D:4      | Reached XP level 7. HP: 36/57 MP: 3/3
  2919 | D:5      | Entered Level 5 of the Dungeon
  2939 | D:5      | Reached skill level 10 in Axes
  3225 | D:5      | HP: 4/85 [gnoll/spear (3)]
  3227 | D:5      | HP: 1/85 [gnoll/spear (2)]
  3227 | D:5      | Mangled by a gnoll

Action                   |  1- 3 |  4- 6 |  7- 9 || total
-------------------------+-------+-------+-------++-------
Melee: Hand axe          |    65 |   113 |    65 ||   243
Invok: Trog's Hand       |       |     2 |     1 ||     3
       Berserk           |       |       |     1 ||     1
  Use: Scroll            |       |     8 |       ||     8
  Eat: Chunk             |       |     5 |     1 ||     6
       Meat ration       |       |       |     1 ||     1
